TOP OF THE 1ST |
Arizona State University Sun Devils batting - Pitching for University of Maine Black Bears : RHP Sal Teran
|
Pitching: RHP Sal Teran
|
|
Batting: LHB Eric Russell
|
0-0: DOUBLE (Line Drive, 9LM, EV 92.5 MPH)
|
Batting: LHB Timon Giorgiou
|
0-0: Ball 1-0: Foul Ball, location: 2F 1-1: Called Strike 1-2: Strikes out swinging, 2-3 out at first.
|
Batting: LHB Fabio Interlenghi
|
0-0: Ball 1-0: Ground out U3 (Groundball, 3, EV 87.5 MPH) Eric Russell to third
|
Batting: LHB Randy Marquez
|
0-0: Ball 1-0: Ball Wild Pitch! Eric Russell scores 2-0: Ground out 6-3 (Groundball, 6, EV 101.2 MPH)
|
Top of the 1st over - 1 run, 1 hit, 0 errors, 0 left on base; Arizona State University 1 - University of Maine 0 |
BOTTOM OF THE 1ST |
University of Maine Black Bears batting - Pitching for Arizona State University Sun Devils : LHP John Neville
|
Pitching: LHP John Neville
|
|
Batting: RHB Wang Huan
|
0-0: Ground out 4-3 (Groundball, 4, EV 86.9 MPH)
|
Batting: SHB Mario Barajas
|
0-0: Ball 1-0: Hit by Pitch
|
Batting: RHB Wang-fen Yang
|
0-0: Called Strike 0-1: Ball 1-1: Foul Ball, location: 2F 1-2: Foul Ball, location: 2F 1-2: Strikes out swinging
|
Batting: LHB Seung Pack
|
0-0: Ball 1-0: Swinging Strike 1-1: SINGLE (Groundball, 6S, EV 70.0 MPH) (infield hit) Mario Barajas to second
|
Batting: RHB Alex Day
|
0-0: Called Strike 0-1: Ball 1-1: Called Strike 1-2: Fly out, F7 (Flyball, 7D, EV 88.8 MPH)
|
Bottom of the 1st over - 0 runs, 1 hit, 0 errors, 2 left on base; Arizona State University 1 - University of Maine 0 |
TOP OF THE 2ND |
Arizona State University Sun Devils batting - Pitching for University of Maine Black Bears : RHP Sal Teran
|
Batting: LHB Dustin Gill
|
0-0: Ball 1-0: Called Strike 1-1: Foul Ball, location: 2F 1-2: Ball 2-2: Strikes out swinging
|
Batting: RHB Hervé Papin
|
0-0: Called Strike 0-1: Called Strike 0-2: Strikes out looking
|
Batting: LHB Burraga Iukini
|
0-0: Ball 1-0: Foul Ball, location: 2F 1-1: Ball 2-1: Ball 3-1: Swinging Strike 3-2: Foul Ball, location: 2F 3-2: Base on Balls
|
Batting: RHB Carl Evans
|
0-0: Called Strike 0-1: Ground out 1-3 (Groundball, 13S, EV 68.1 MPH)
|
Top of the 2nd over - 0 runs, 0 hits, 0 errors, 1 left on base; Arizona State University 1 - University of Maine 0 |
BOTTOM OF THE 2ND |
University of Maine Black Bears batting - Pitching for Arizona State University Sun Devils : LHP John Neville
|
Batting: LHB Dave Aguilar
|
0-0: Ball 1-0: Ground out 4-3 (Groundball, 4, EV 88.1 MPH)
|
Batting: LHB Osmo Leino
|
0-0: Ball 1-0: Ball 2-0: Called Strike 2-1: Called Strike 2-2: Ball 3-2: SINGLE (Line Drive, 78M, EV 93.8 MPH)
|
Batting: SHB Ron Handford
|
0-0: Ball 1-0: Called Strike 1-1: SINGLE (Flyball, 89S, EV 93.8 MPH) Osmo Leino to second
|
Batting: LHB Lance Widdison
|
0-0: Swinging Strike 0-1: Swinging Strike 0-2: Fielders Choice at 2nd, 4-6 (Groundball, 4, EV 83.8 MPH) Osmo Leino to third
|
Batting: RHB Wang Huan
|
0-0: Ball 1-0: Swinging Strike 1-1: Fielders Choice at 2nd, 6-4 (Groundball, 6, EV 90.0 MPH)
|
Bottom of the 2nd over - 0 runs, 2 hits, 0 errors, 2 left on base; Arizona State University 1 - University of Maine 0 |
TOP OF THE 3RD |
Arizona State University Sun Devils batting - Pitching for University of Maine Black Bears : RHP Sal Teran
|
Batting: RHB Israel Tobias
|
0-0: Ball 1-0: Foul Ball, location: 2F 1-1: Called Strike 1-2: Ball 2-2: Ball 3-2: Base on Balls
|
Batting: LHB Eric Russell
|
0-0: Ball 1-0: SINGLE (Groundball, 6D, EV 94.4 MPH) Israel Tobias to second
|
Batting: LHB Timon Giorgiou
|
0-0: Ball 1-0: Called Strike 1-1: Swinging Strike 1-2: Strikes out looking
|
Batting: LHB Fabio Interlenghi
|
0-0: Ball 1-0: Foul Ball, location: 2F 1-1: Called Strike 1-2: Strikes out swinging
|
Batting: LHB Randy Marquez
|
0-0: Ball 1-0: Called Strike 1-1: Swinging Strike 1-2: Ball 2-2: Fly out, F4 (Popup, 4, EV 59.4 MPH)
|
Top of the 3rd over - 0 runs, 1 hit, 0 errors, 2 left on base; Arizona State University 1 - University of Maine 0 |
BOTTOM OF THE 3RD |
University of Maine Black Bears batting - Pitching for Arizona State University Sun Devils : LHP John Neville
|
Batting: SHB Mario Barajas
|
0-0: Ball 1-0: Called Strike 1-1: Ball 2-1: Foul Ball, location: 2F 2-2: Foul Ball, location: 2F 2-2: Reached on error, E4 (Groundball, 4, EV 82.5 MPH)
|
Batting: RHB Wang-fen Yang
|
0-0: Fly out, F8 (Line Drive, 8LD, EV 93.1 MPH)
|
Batting: LHB Seung Pack
|
0-0: Ball 1-0: Called Strike 1-1: Foul Ball, location: 2F 1-2: Ball 2-2: Fly out, F7 (Flyball, 78M, EV 91.2 MPH)
|
Batting: RHB Alex Day
|
0-0: Fly out, F8 (Flyball, 8RM, EV 88.8 MPH)
|
Bottom of the 3rd over - 0 runs, 0 hits, 1 error, 1 left on base; Arizona State University 1 - University of Maine 0 |
TOP OF THE 4TH |
Arizona State University Sun Devils batting - Pitching for University of Maine Black Bears : RHP Sal Teran
|
Batting: LHB Dustin Gill
|
0-0: Swinging Strike 0-1: Ground out 4-3 (Groundball, 4, EV 105.6 MPH)
|
Batting: RHB Hervé Papin
|
0-0: Ball 1-0: SINGLE (Groundball, 6M, EV 102.5 MPH) (infield hit)
|
Batting: LHB Burraga Iukini
|
0-0: Called Strike 0-1: Called Strike 0-2: Strikes out looking
|
Batting: RHB Carl Evans
|
0-0: Called Strike 0-1: Ball 1-1: Ball 2-1: Ball 3-1: Foul Ball, location: 2F 3-2: Strikes out swinging
|
Top of the 4th over - 0 runs, 1 hit, 0 errors, 1 left on base; Arizona State University 1 - University of Maine 0 |
BOTTOM OF THE 4TH |
University of Maine Black Bears batting - Pitching for Arizona State University Sun Devils : LHP John Neville
|
Batting: LHB Dave Aguilar
|
0-0: Called Strike 0-1: Ground out 6-3 (Groundball, 6, EV 89.4 MPH)
|
Batting: LHB Osmo Leino
|
0-0: Ball 1-0: Ground out 1-3 (Groundball, 15S, EV 63.8 MPH)
|
Batting: SHB Ron Handford
|
0-0: Foul Ball, location: 2F 0-1: Ball 1-1: Swinging Strike 1-2: Foul Ball, location: 2F 1-2: Ground out 6-3 (Groundball, 6D, EV 104.4 MPH)
|
Bottom of the 4th over - 0 runs, 0 hits, 0 errors, 0 left on base; Arizona State University 1 - University of Maine 0 |
TOP OF THE 5TH |
Arizona State University Sun Devils batting - Pitching for University of Maine Black Bears : RHP Sal Teran
|
Pitching: RHP Kurt Goff
|
|
Now at 2B: Steve Thomas
|
|
Now at SS: Justin Degon
|
|
Now in CF: Kevin Baker
|
|
Batting: RHB Israel Tobias
|
0-0: Ball 1-0: Called Strike 1-1: Ball 2-1: Foul Ball, location: 2F 2-2: Ball 3-2: Foul Ball, location: 2F 3-2: Strikes out swinging
|
Batting: LHB Eric Russell
|
0-0: Foul Ball, location: 2F 0-1: Ball 1-1: Ball 2-1: Foul Ball, location: 2F 2-2: Ball 3-2: SINGLE (Groundball, 6MS, EV 72.5 MPH) (infield hit)
|
Batting: LHB Timon Giorgiou
|
0-0: Called Strike 0-1: Ball 1-1: Ball Eric Russell steals 2nd, throwing error, E2 Eric Russell to third 2-1: Ball 3-1: Foul Ball, location: 2F 3-2: Strikes out swinging
|
Pinch Hitting: RHB Kawenaula Kapali
|
0-0: Called Strike 0-1: Called Strike 0-2: Ball 1-2: Ball 2-2: Strikes out looking
|
Top of the 5th over - 0 runs, 1 hit, 1 error, 1 left on base; Arizona State University 1 - University of Maine 0 |
BOTTOM OF THE 5TH |
University of Maine Black Bears batting - Pitching for Arizona State University Sun Devils : LHP John Neville
|
Now at C: John Burgis
|
|
Now at 1B: David Krebs
|
|
Now at 2B: Rusty Gee
|
|
Now at SS: Hektor Hansen
|
|
Now in LF: Jun-hyuk Leem
|
|
Batting: LHB Lance Widdison
|
0-0: Ball 1-0: Ball 2-0: Ground out 6-3 (Groundball, P, EV 85.6 MPH)
|
Batting: RHB Justin Degon
|
0-0: Ball 1-0: Foul Ball, location: 2F 1-1: Foul Ball, location: 2F 1-2: Reached on error, E6 (Groundball, 6, EV 80.0 MPH)
|
Pinch Hitting: RHB Rewa Havika
|
0-0: Called Strike 0-1: Swinging Strike 0-2: DOUBLE (Flyball, 89XD, EV 110.0 MPH) Justin Degon scores
|
Batting: LHB Steve Thomas
|
0-0: Ball 1-0: Foul Ball, location: 2F 1-1: Fly out, F1 (Line Drive, P, EV 68.8 MPH)
|
Pitching: RHP Goffredo Damasco
|
|
Batting: LHB Seung Pack
|
0-0: Called Strike 0-1: Swinging Strike 0-2: Ball 1-2: Ball 2-2: Foul Ball, location: 2F 2-2: Foul Ball, location: 2F 2-2: Strikes out swinging
|
Bottom of the 5th over - 1 run, 1 hit, 1 error, 1 left on base; Arizona State University 1 - University of Maine 1 |
TOP OF THE 6TH |
Arizona State University Sun Devils batting - Pitching for University of Maine Black Bears : RHP Kurt Goff
|
Pitching: RHP Tom Piersma
|
|
Now at 3B: Rewa Havika
|
|
Now in LF: John Knox
|
|
Pinch Hitting: RHB Bill Callbeck
|
0-0: Ball 1-0: Swinging Strike 1-1: Called Strike 1-2: Strikes out looking
|
Batting: RHB Rusty Gee
|
0-0: Swinging Strike 0-1: Ball 1-1: Swinging Strike 1-2: Foul Ball, location: 2F 1-2: Ball 2-2: Strikes out swinging
|
Batting: LHB Ricky Hernandez
|
0-0: Ball 1-0: Swinging Strike 1-1: Swinging Strike 1-2: Ground out 4-3 (Groundball, 4, EV 100.6 MPH)
|
Top of the 6th over - 0 runs, 0 hits, 0 errors, 0 left on base; Arizona State University 1 - University of Maine 1 |
BOTTOM OF THE 6TH |
University of Maine Black Bears batting - Pitching for Arizona State University Sun Devils : RHP Goffredo Damasco
|
Pitching: LHP Adam Distasio
|
|
Now in RF: Bill Callbeck
|
|
Batting: LHB John Bergeron
|
0-0: Called Strike 0-1: Foul Ball, location: 2F 0-2: Ball 1-2: Ball 2-2: Strikes out looking
|
Batting: RHB Kevin Baker
|
0-0: Ball 1-0: Ball 2-0: Ball 3-0: Called Strike 3-1: Fly out, F9 (Line Drive, 9LM, EV 95.0 MPH)
|
Pinch Hitting: LHB Ed Leighton
|
0-0: Foul Ball, location: 2F 0-1: Ball 1-1: Foul Ball, location: 2F 1-2: Ball 2-2: Ground out 4-3 (Groundball, 34D, EV 108.8 MPH)
|
Bottom of the 6th over - 0 runs, 0 hits, 0 errors, 0 left on base; Arizona State University 1 - University of Maine 1 |
TOP OF THE 7TH |
Arizona State University Sun Devils batting - Pitching for University of Maine Black Bears : RHP Tom Piersma
|
Now at 1B: Bryan Douglas
|
|
Batting: RHB John Burgis
|
0-0: Ball 1-0: Ground out 4-3 (Groundball, 34D, EV 76.2 MPH)
|
Batting: RHB Jun-hyuk Leem
|
0-0: Called Strike 0-1: Ball 1-1: Swinging Strike 1-2: Ball 2-2: Ball 3-2: Strikes out swinging
|
Batting: RHB David Krebs
|
0-0: Foul Ball, location: 2F 0-1: Ball 1-1: Fly out, F8 (Flyball, 8RM, EV 80.0 MPH)
|
Top of the 7th over - 0 runs, 0 hits, 0 errors, 0 left on base; Arizona State University 1 - University of Maine 1 |
BOTTOM OF THE 7TH |
University of Maine Black Bears batting - Pitching for Arizona State University Sun Devils : LHP Adam Distasio
|
Pitching: RHP Brent Wiley
|
|
Batting: SHB Ron Handford
|
0-0: Swinging Strike 0-1: Ball 1-1: Foul Ball, location: 2F 1-2: Ground out 4-3 (Groundball, 4, EV 111.2 MPH)
|
Batting: LHB Lance Widdison
|
0-0: Foul Ball, location: 2F 0-1: Ball 1-1: Ball 2-1: Ball 3-1: Called Strike 3-2: Base on Balls
|
Batting: RHB Justin Degon
|
0-0: Fly out, F7 (Flyball, 7D, EV 103.8 MPH)
|
Batting: RHB Rewa Havika
|
0-0: Ball 1-0: Ball 2-0: Called Strike 2-1: Ball 3-1: Called Strike 3-2: Strikes out swinging
|
Bottom of the 7th over - 0 runs, 0 hits, 0 errors, 1 left on base; Arizona State University 1 - University of Maine 1 |
TOP OF THE 8TH |
Arizona State University Sun Devils batting - Pitching for University of Maine Black Bears : RHP Tom Piersma
|
Pitching: RHP Ivano Benincasa
|
|
Batting: LHB Eric Russell
|
0-0: Called Strike 0-1: Ball 1-1: Swinging Strike 1-2: Ball 2-2: Fly out, F6 (Popup, 6S, EV 81.2 MPH)
|
Batting: LHB Timon Giorgiou
|
0-0: SOLO HOME RUN (Flyball, 9D, EV 101.2 MPH), Distance : 369 ft
|
Batting: RHB Hektor Hansen
|
0-0: Ball 1-0: Called Strike 1-1: Foul Ball, location: 2F 1-2: Ball 2-2: Foul Ball, location: 2F 2-2: Foul Ball, location: 2F 2-2: Strikes out swinging
|
Batting: RHB Bill Callbeck
|
0-0: Called Strike 0-1: Called Strike 0-2: Ball 1-2: Foul Ball, location: 2F 1-2: Strikes out swinging
|
Top of the 8th over - 1 run, 1 hit, 0 errors, 0 left on base; Arizona State University 2 - University of Maine 1 |
BOTTOM OF THE 8TH |
University of Maine Black Bears batting - Pitching for Arizona State University Sun Devils : RHP Brent Wiley
|
Pitching: LHP T.J. Conner
|
|
Batting: LHB Steve Thomas
|
0-0: Ball 1-0: Called Strike 1-1: Swinging Strike 1-2: Foul Ball, location: 2F 1-2: Strikes out swinging
|
Batting: LHB John Knox
|
0-0: Called Strike 0-1: Ball 1-1: Called Strike 1-2: Strikes out swinging, 2-3 out at first.
|
Batting: LHB John Bergeron
|
0-0: Ball 1-0: Ball 2-0: Called Strike 2-1: SINGLE (Flyball, 78S, EV 86.2 MPH)
|
Batting: RHB Kevin Baker
|
0-0: Ball 1-0: Foul Ball, location: 2F 1-1: Foul Ball, location: 2F 1-2: Fly out, F7 (Flyball, 7, EV 90.6 MPH)
|
Bottom of the 8th over - 0 runs, 1 hit, 0 errors, 1 left on base; Arizona State University 2 - University of Maine 1 |
TOP OF THE 9TH |
Arizona State University Sun Devils batting - Pitching for University of Maine Black Bears : RHP Ivano Benincasa
|
Pitching: RHP Jorge Gutierrez
|
|
Batting: RHB Rusty Gee
|
0-0: Called Strike 0-1: Swinging Strike 0-2: Strikes out swinging
|
Batting: LHB Ricky Hernandez
|
0-0: Foul Ball, location: 2F 0-1: Fly out, F9 (Flyball, 9, EV 90.6 MPH)
|
Batting: RHB John Burgis
|
0-0: Called Strike 0-1: Called Strike 0-2: SINGLE (Flyball, 7S, EV 91.2 MPH)
|
Batting: RHB Jun-hyuk Leem
|
0-0: Called Strike 0-1: Foul Ball, location: 2F 0-2: Fielders Choice at 2nd, 6-4 (Groundball, 6, EV 80.6 MPH)
|
Top of the 9th over - 0 runs, 1 hit, 0 errors, 1 left on base; Arizona State University 2 - University of Maine 1 |
BOTTOM OF THE 9TH |
University of Maine Black Bears batting - Pitching for Arizona State University Sun Devils : LHP T.J. Conner
|
Pitching: RHP Jeremy Kaylor
|
|
Batting: RHB Bryan Douglas
|
0-0: Called Strike 0-1: Ball 1-1: Swinging Strike 1-2: Strikes out swinging
|
Pinch Hitting: RHB Pita Arnurna
|
0-0: Foul Ball, location: 2F 0-1: Ball 1-1: Ball 2-1: Called Strike 2-2: Strikes out looking
|
Batting: LHB Lance Widdison
|
0-0: Ball 1-0: Ball 2-0: Ball 3-0: Called Strike 3-1: Foul Ball, location: 2F 3-2: Ground out 4-3 (Groundball, 4, EV 100.0 MPH)
|
Bottom of the 9th over - 0 runs, 0 hits, 0 errors, 0 left on base; Arizona State University 2 - University of Maine 1 |
|